Map: Dusk Towers

Players

TAGurPRGNANT

  • Race: Terran Terran
  • League: Grandmaster

Spiders - Winner!

  • Race: Terran Terran
  • League: Diamond

VOD

Have the link to the VOD?

Description

Time

  • Played on: Dec. 6, 2015, 3:03 a.m.
  • Length: 12:25
Show
View Real Time Build Order
Export as new Build Order

TAGurPRGNANT Terran 

Build Orders: 1/1/1, Bio Tank, MMM Bio, Banshee Rush 

Get SALT Encoding   

  12  0:00  SCV  
  13  0:13  SCV  
  14  0:18  Supply Depot  
  14  0:25  SCV  
  15  0:29  Refinery  
  15  0:40  SCV  
  16  0:45  Barracks  
  16  0:52  SCV  
  16  0:56  Refinery  
  17  1:04  SCV  
  18  1:16  SCV  
  19  1:28  SCV  
  19  1:32  Reaper  
  21  1:37  Factory  
  21  1:43  Orbital Command  
  21  1:57  Supply Depot  
  21  2:04  Reaper  
  22  2:13  SCV  
  23  2:21  Hellion  
  25  2:23  Starport  
  25  2:36  Reaper  
  25  2:44  Hellion  
  27  3:01  SCV  
  27  3:05  Supply Depot  
  28  3:07  Starport Tech Lab  
  28  3:13  Barracks Reactor, Factory Tech Lab  
  28  3:15  SCV  
  29  3:25  Command Center  
  29  3:27  Cloaking Field  
  26  3:59  Banshee, Marine x2  
  26  4:00  Siege Tank  
  30  4:11  Supply Depot  
  30  4:12  Supply Depot  
  30  4:15  Engineering Bay  
  30  4:19  Marine  
  30  4:24  Marine  
  32  4:42  Missile Turret  
  32  4:50  Raven  
  32  4:51  Marine x2  
  36  4:54  Siege Tank  
  36  4:55  SCV  
  40  5:06  Orbital Command  
  40  5:10  SCV  
  40  5:14  Marine  
  42  5:15  Marine  
  43  5:22  SCV  
  44  5:29  Barracks  
  44  5:33  Viking  
  46  5:47  SCV  
  47  5:51  Marine x2  
  47  5:53  SCV  
  47  5:54  Barracks  
  50  5:59  SCV  
  51  6:05  SCV  
  51  6:06  Supply Depot  
  52  6:11  SCV  
  52  6:20  Starport Reactor  
  52  6:31  Supply Depot  
  51  6:33  SCV x2  
  51  6:39  Siege Tank  
  56  6:45  SCV  
  54  6:55  SCV  
  54  6:57  SCV, Marine, Stimpack, Barracks Reactor  
  54  6:58  Marine x2  
  54  6:59  Medivac  
  54  7:00  Terran Infantry Weapons Level 1  
  61  7:04  Engineering Bay  
  61  7:07  SCV  
  62  7:09  SCV  
  62  7:10  Refinery  
  63  7:17  Medivac  
  63  7:18  Marine x3  
  63  7:19  SCV  
  63  7:22  Supply Depot  
  69  7:29  Medivac  
  71  7:30  SCV  
  72  7:38  Command Center  
  72  7:42  Marine x3  
  72  7:43  Marine x2  
  77  7:45  SCV  
  77  7:47  SCV  
  79  7:56  Terran Infantry Armor Level 1  
  79  7:59  Armory  
  79  8:00  Marine  
  80  8:06  SCV x2  
  82  8:14  Refinery, Marine  
  82  8:17  Marine  
  83  8:23  Barracks  
  83  8:26  Siege Tank, Barracks  
  86  8:43  Supply Depot  
  86  8:44  Supply Depot  
  86  8:45  Marine x4  
  90  8:53  Marine  
  88  8:58  Combat Shields, Medivac  
  89  9:03  Marine x3  
  92  9:14  SCV  
  91  9:17  SCV  
  91  9:21  Barracks Reactor  
  91  9:22  Barracks Reactor  
  93  9:26  SCV  
  93  9:29  Orbital Command  
  93  9:30  SCV  
  94  9:38  SCV  
  94  9:42  Missile Turret, Marine  
  94  9:45  SCV, Marine  
  98  9:46  Marine  
  98  9:49  Medivac  
  98  9:50  SCV  
  102  9:58  Marine x2  
  103  10:03  Marine x4  
  103  10:04  Marine  
  103  10:06  SCV  
  109  10:07  SCV x2  
  109  10:10  Supply Depot  
  92  10:22  Marine  
  92  10:25  Marine x2  
  92  10:28  Marine x4  
  79  10:29  Siege Tank  
  79  10:41  Marine  
  79  10:42  Marine x3  
  76  10:51  Factory  
  76  10:57  Marine x5  
  76  11:00  Marine x4  
  76  11:01  Siege Tank  
  88  11:05  SCV  
  89  11:13  SCV  
  89  11:15  Marine x2  
  89  11:17  SCV, Marine x2  
  89  11:18  SCV  
  96  11:24  Marine x2  
  98  11:27  Marine x2  
  100  11:33  Siege Tank, Marine x2  
  105  11:42  Marine x2  
  105  11:43  Marine  
  108  11:52  Marine x2  
  107  11:54  Marine  
  107  11:55  Marine  
Show
View Real Time Build Order
Export as new Build Order

Spiders Terran - Winner!

Build Orders: 1/1/1, Bio Tank, MMM Bio 

Get SALT Encoding   

  12  0:00  SCV  
  13  0:12  SCV  
  14  0:17  Supply Depot  
  14  0:25  SCV  
  15  0:28  Refinery  
  15  0:39  SCV  
  16  0:44  Barracks  
  16  0:52  SCV  
  17  0:58  Refinery  
  17  1:04  SCV  
  18  1:16  SCV  
  19  1:30  Orbital Command  
  19  1:33  Factory  
  19  1:36  Reaper  
  20  1:46  Supply Depot  
  20  1:58  SCV  
  21  2:08  Reaper  
  21  2:10  SCV  
  23  2:20  Hellion  
  25  2:23  SCV, Starport  
  26  2:33  Supply Depot  
  26  2:35  SCV  
  27  2:42  Barracks Tech Lab  
  27  2:43  Hellion  
  29  2:56  SCV  
  30  3:04  Hellion  
  32  3:08  SCV  
  32  3:10  Raven  
  35  3:23  Supply Depot  
  35  3:25  SCV  
  36  3:28  Barracks Reactor  
  36  3:29  Factory Tech Lab  
  36  3:39  SCV  
  35  3:57  Cyclone  
  35  3:58  Viking  
  35  3:59  SCV  
  41  4:06  Marine  
  41  4:07  Marine  
  41  4:09  Command Center  
  43  4:11  SCV  
  44  4:20  Supply Depot  
  44  4:23  SCV  
  45  4:38  SCV  
  46  4:40  Barracks x2  
  46  4:42  Siege Tank  
  49  4:47  Marine  
  49  4:48  Stimpack  
  50  4:54  SCV  
  50  4:58  Supply Depot  
  51  5:00  Starport Reactor  
  51  5:11  SCV  
  52  5:16  Marine  
  53  5:24  Orbital Command  
  53  5:25  SCV  
  54  5:29  Engineering Bay  
  54  5:39  Marine  
  54  5:40  Marine  
  54  5:41  Marine  
  57  5:43  Siege Tank, Marine x2  
  57  5:45  SCV  
  57  5:57  Marine  
  57  5:58  Marine x2  
  57  5:59  Medivac  
  62  6:06  SCV, Missile Turret  
  62  6:07  SCV  
  62  6:08  Marine x2  
  66  6:18  SCV  
  66  6:19  Marine  
  66  6:20  Marine  
  69  6:29  Viking  
  69  6:32  SCV x2  
  70  6:36  Marine x3  
  73  6:53  Marine x2  
  75  6:54  Marine x2  
  75  6:59  Combat Shields  
  77  7:05  SCV  
  78  7:10  SCV, Siege Tank  
  82  7:16  Viking  
  82  7:18  Terran Infantry Weapons Level 1, SCV  
  82  7:19  Barracks  
  82  7:21  Supply Depot, Barracks  
  82  7:22  SCV  
  86  7:25  Supply Depot  
  86  7:42  Marine x4  
  86  7:43  Marauder  
  92  7:46  SCV, Siege Tank  
  92  7:48  Supply Depot  
  92  7:50  Supply Depot, Starport Reactor  
  96  8:03  Marine  
  96  8:04  Marauder, Marine x2  
  101  8:06  SCV  
  101  8:10  Barracks Reactor x2  
  102  8:26  Marauder  
  104  8:35  Marine x4  
  104  8:38  Supply Depot  
  104  8:39  Siege Tank  
  104  8:40  Supply Depot  
  111  8:42  SCV x2  
  111  8:44  Refinery  
  111  8:45  Supply Depot, Refinery  
  111  8:47  Marauder  
  115  9:09  Marauder  
  113  9:13  Terran Infantry Armor Level 1, Marine x7  
  113  9:14  Siege Tank  
  113  9:17  SCV  
  120  9:30  Marauder  
  122  9:34  Command Center  
  122  9:51  Marauder  
  123  9:58  Marine x2  
  123  9:59  Marine x2  
  127  10:13  Marauder  
  93  10:32  Marine x4  
  93  10:33  Marine x4  
  93  10:34  Marauder  
  93  10:35  SCV x2  
  103  10:50  Marine x7, Medivac x2  
  103  10:51  Orbital Command  
  114  11:01  Marine x2  
  114  11:03  SCV  
  114  11:04  SCV  
  118  11:07  Barracks  
  118  11:08  Marine  
  119  11:12  Armory  
  119  11:14  Engineering Bay  
  119  11:25  Marine  
  119  11:26  Marine x4  
  119  11:27  Medivac x2, Marine  
  119  11:29  SCV x2  
  131  11:42  Supply Depot  
  131  11:45  Supply Depot  
  128  12:10  Barracks  
  128  12:13  Barracks  
Tags
 
Add a new tag
Caveats
  • Supply blocks, unpowered buildings, or Contaminate may cause inaccurate times.
  • Supply counts are checked every 10 seconds.